 Dungeon Crawl Stone Soup version 0.30-a0-743-gbfdf073431 (webtiles) character file.

Game seed: 5700361099919489073

73 hikkokomori the Gusty (level 4, -1/25 HPs)
             Began as a Deep Elf Air Elementalist on Feb 6, 2023.
             Slain by an orc priest
             ... wielding a +0 trident
              (6 damage)
             ... on level 3 of the Dungeon.
             The game lasted 00:02:16 (2247 turns).

hikkokomori the Gusty (Deep Elf Air Elementalist)   Turns: 2247, Time: 00:02:17

Health: -1/25      AC:  3    Str:  5    XL:     4   Next: 8%
Magic:  10/10      EV: 13    Int: 20    God:
Gold:   99         SH:  0    Dex: 17    Spells: 8/9 levels left

rFire   . . .      SeeInvis .    f - +0 dagger
rCold   . . .      Faith    .    (no shield)
rNeg    . . .      Spirit   .    a - +0 robe
rPois   .          Reflect  .    (no helmet)
rElec   .          Harm     .    j - +0 cloak
rCorr   .          Rampage  .    (no gloves)
Will    .....                    (no boots)
Stlth   +++                      (no amulet)
HPRegen 0.24/turn                (no ring)
MPRegen 0.12/turn                (no ring)

@: brilliant
A: no striking features
a: no special abilities


You were on level 3 of the Dungeon.
You visited 1 branch of the dungeon, and saw 3 of its levels.

You collected 99 gold pieces.

Inventory:

Hand Weapons
 f - a +0 dagger (weapon)
Armour
 a - a +0 robe (worn)
 j - a +0 cloak (worn)
Jewellery
 n - a ring of resist corrosion
Wands
 o - a wand of paralysis (7)
Scrolls
 d - 5 scrolls of identify {unknown}
 g - a scroll of torment {unknown}
 h - a scroll of teleportation {unknown}
 i - a scroll of enchant armour {unknown}
 k - a scroll of noise {unknown}
 l - 3 scrolls of fog {unknown}
Potions
 c - a potion of flight {unknown}
 m - a potion of haste {unknown}


   Skills:
 + Level 1.2 Fighting
 - Level 2.4 Dodging
 + Level 3.4 Stealth
 - Level 3.2 Spellcasting
 + Level 2.3 Conjurations
 + Level 3.5 Air Magic


You had 8 spell levels left.
You knew the following spells:

 Your Spells              Type           Power      Damage    Failure   Level
a - Shock                 Conj/Air       88%        1d8       4%          1

Your spell library contained the following spells:

 Spells                   Type           Power      Damage    Failure   Level
 Static Discharge         Conj/Air       44%        2-4/arc   6%          2
 Swiftness                Air            26%        N/A       10%         3
 Airstrike                Air            13%        2d(2-18)  32%         4
 Portal Projectile        Hex/Tloc       8%         N/A       38%         3
 Tukima's Dance           Hex            4%         N/A       38%         3
 Blade Hands              Tmut           2%         N/A       98%         5


Dungeon Overview and Level Annotations

Branches:
Dungeon (3/15)

Altars:
Hepliaklqana
Uskayaw
Xom


Message History

The orc priest shouts!
The zap hits the orc.
You kill the orc!
The zap hits the orc but does no damage.
The orc is lightly wounded.
The zap hits the orc.
The orc is almost dead.
You have reached level 4!
You feel clever.
The zap hits the orc.
The orc is heavily wounded.
The zap misses the orc.
The zap hits the orc priest.
The orc priest is lightly wounded.
The zap hits the orc.
The orc is almost dead.
The zap hits the orc.
You kill the orc!
The zap hits the orc priest.
The orc priest is moderately wounded.
Your magical contamination has completely faded away.
The zap hits the orc.
You kill the orc!
The zap hits the orc priest.
The orc priest is moderately wounded.
It was a potion of brilliance.
You feel clever all of a sudden.
The orc priest casts a cantrip, but nothing happens.
You hit the orc priest but do no damage.
The orc priest is moderately wounded.
The orc priest calls down the wrath of Beogh upon you.
Beogh smites you!
You hit the orc priest but do no damage.
The orc priest is moderately wounded.
The orc priest hits you with a +0 trident!
* * * LOW HITPOINT WARNING * * *
You feel more clever all of a sudden. The orc priest closely misses you.
Magic courses through your body.
The orc priest hits you with a +0 trident.
You die...

.≈. #.##.###.## ... #.###.#.##
#.# #.# ##.## .)# #.# ### #?#
#.# #.# #.# #)# #.# #
#o#######.##### #.
#.@...........##### ##.######
#########.......... #....<.(#
#####.#####
#.......############ ##...## #
#..................####.....# #
#........#########.#........#
#...........................#
#.......########.#######...^...
#.......# #..†.[..# ########


You could see an orc priest.

Vanquished Creatures
  2 adders
  A worm (D:2)
  4 orcs (D:3)
  2 ball pythons (D:1)
  4 bats
  6 endoplasms
  3 giant cockroaches
  2 hobgoblins (D:1)
  4 kobolds
  5 quokkas
  2 frilled lizards
  4 goblins
  5 rats
44 creatures vanquished.

Notes
Turn   | Place    | Note
-------+----------+-------------------------------------------
     0 | D:1      | hikkokomori the Deep Elf Air Elementalist began the quest
                  | for the Orb.
     0 | D:1      | Reached XP level 1. HP: 10/10 MP: 6/6
   373 | D:1      | Found a faded altar of an unknown god.
   404 | D:1      | Reached XP level 2. HP: 15/15 MP: 4/8
   896 | D:2      | Found a shimmering altar of Xom.
   904 | D:2      | Reached XP level 3. HP: 20/20 MP: 1/9
  1483 | D:2      | Reached skill level 1 in Fighting
  1879 | D:3      | Found a hide-covered altar of Uskayaw.
  2166 | D:3      | Found a hazy altar of Hepliaklqana.
  2237 | D:3      | Reached XP level 4. HP: 25/25 MP: 2/10
  2247 | D:3      | Slain by an orc priest

Illustrated notes

Levels and vault maps discovered:
D:1:      dpeg_arrival_arbitrary_a, layout_loops_ring, basic_ecumenical_altar
D:2:      layout_basic, basic_altar, minmay_pentomino_v4
D:3:      cheibrodos_greedy_goblins, layout_loops_ring,
          mainiacjoe_overflow_tiny_flanked,
          nicolae_uskayaw_murder_on_the_dancefloor,
          worldfamousw_hep_ancestral_shrine, uniq_crazy_yiuf_cottage

Skill      XL: |  1  2  3 |
---------------+----------+-----
Stealth        | 3 |  3.4
Conjurations   | 2 |  2.3
Fighting       | 1 |  1.2
Dodging        | |  2.4
Spellcasting   | |  3.2
Air Magic      | |  3.5

Action                     |  1- 3 |  4- 6 || total
---------------------------+-------+-------++-------
  Melee: Dagger            |    14 |     2 ||    16
   Cast: Shock             |    99 |     3 ||   102
    Use: Potion            |       |     3 ||     3
 Armour: Robe              |     7 |       ||     7
  Dodge: Dodged            |    21 |     1 ||    22

Table legend: (Time is in decaauts)
 A = Elapsed time spent in this place.
 B = Non-inter-level travel time spent in this place.
 C = Inter-level travel time spent in this place.
 D = Time resting spent in this place.
 E = Time spent auto-exploring this place.
 F = Levels seen in this place.
 G = Mean time per level.
                   A        B        C        D        E       F      G
               +--------+--------+--------+--------+--------+-----+--------+
         Total |   2246 |   2181 |     65 |      0 |   1943 |   3 |  748.7 |
       Dungeon |   2246 |   2181 |     65 |      0 |   1943 |   3 |  748.7 |
               +--------+--------+--------+--------+--------+-----+--------+

Top non-repeatable levels by time:
     D:2: 918 daAuts
     D:1: 876 daAuts
     D:3: 450 daAuts
